 Dungeon Crawl Stone Soup version 0.26-a0-670-g578ab304f5 (webtiles) character file.

Game seed: 16561893961548153771

23 Hypoxia the Sneak (level 2, 15/27 HPs)
             Began as a Deep Dwarf Delver on Oct 14, 2020.
             Quit the game in the Ecumenical Temple on Oct 19, 2020.
             The game lasted 00:03:43 (216 turns).

Hypoxia the Sneak (Deep Dwarf Delver)                Turns: 216, Time: 00:03:44

Health: 15/27      AC:  3    Str: 15    XL:     2   Next: 72%
Magic:  2/2        EV: 12    Int: 10    God:
Gold:   31         SH:  0    Dex: 14    Spells: 1/1 levels left

rFire    x . .     SeeInvis .   a - +0 hand axe
rCold    + . .     Faith    .   (no shield)
rNeg     . . .     Spirit   .   b - +0 leather armour
rPois    .         Reflect  .   (no helmet)
rElec    .         Harm     .   (no cloak)
rCorr    .         Rampage  .   (no gloves)
MR       .....                  (no boots)
Stlth    +++.......             (no amulet)
HPRegen  0.00/turn              f - ring of ice
MPRegen  0.08/turn              (no ring)

@: non-regenerating
A: damage resistance, heal wounds, sense surroundings 1, no regeneration
a: Heal Wounds


You were in the Ecumenical Temple.
You visited 2 branches of the dungeon, and saw 3 of its levels.

You collected 31 gold pieces.

Inventory:

Hand Weapons
 a - a +0 hand axe (weapon)
Armour
 b - a +0 leather armour (worn)
Jewellery
 f - a ring of ice (left hand)
Wands
 D - a wand of digging (3)
Scrolls
 c - a scroll of fog
 e - a scroll of fear
 g - a scroll of identify {unknown}
 M - a scroll of magic mapping
Potions
 d - a potion of resistance {unknown}
 H - a potion of haste {@q3}


   Skills:
 - Level 2.6 Fighting
 + Level 3.7 Axes
 - Level 2.1 Dodging
 - Level 6.0 Stealth


You had one spell level left.
You didn't know any spells.
Your spell library was empty.

Dungeon Overview and Level Annotations

Branches:
Dungeon (6/15)             Temple (1/1) D:5

Altars:
Ashenzari
Cheibriados
Dithmenos
Elyvilon
Fedhas
Hepliaklqana
Kikubaaqudgha
Ru
Sif Muna
Uskayaw
Vehumet
Zin
The Shining One


Innate Abilities, Weirdness & Mutations

You are resistant to damage.
You can heal yourself by infusing magical energy.
You passively map a small area around you.
You do not regenerate.


Message History

Press < or > to pray at altars.
Found a glowing golden altar of the Shining One.
Found a shimmering blue altar of Sif Muna.
Found a white marble altar of Elyvilon.
Found a radiant altar of Vehumet.
Found a shadowy altar of Dithmenos.
Found a hazy altar of Hepliaklqana.
Found a glowing silver altar of Zin.
Found a snail-covered altar of Cheibriados.
There is a snail-covered altar of Cheibriados here.
There is a staircase back to the Dungeon here.
Save game and exit?
Options error: Bad object type '%}' for autopickup. (~/.crawlrc:32) Welcome back, Hypoxia the Deep Dwarf Delver.
Press ? for a list of commands and other information.
Unknown command.
Unknown command.
You are a level 2 Deep Dwarf Delver.
You are 72% of the way to level 3.
Play time: 00:03:41 (216 turns) Are you sure you want to abandon this character and quit the game? (Confirm with "yes".)

♣♣♣♣ ♣♣♣..♣♣♣ ♣♣......♣
♣...@...♣ ♣♣......♣
♣♣....♣♣ ♣♣♣♣ ♣..♣♣♣♣ ≈
♣##..♣♣ ♣♣..♣ ≈≈
♣.....♣♣ ♣♣..♣♣ *≈≈♣
♣♣.._...♣ ♣♣♣...♣ ♣♣≈♣♣
.......♣♣♣♣.....♣♣≈≈≈≈♣♣
.........♣......♣≈≈≈≈..♣


There were no monsters in sight!

Vanquished Creatures
  A hound skeleton
  A shadow imp
  A leopard gecko
3 creatures vanquished.

Notes
Turn   | Place    | Note
-------+----------+-------------------------------------------
     0 | D:5      | Hypoxia the Deep Dwarf Delver began the quest for the Orb.
     0 | D:5      | Reached XP level 1. HP: 20/20 MP: 1/1
     1 | D:6      | Noticed a worker ant
    26 | D:5      | Reached skill level 3 in Axes
    26 | D:5      | Reached XP level 2. HP: 18/27 MP: 2/2
    51 | D:5      | Found a staircase to the Ecumenical Temple.
    61 | Temple   | Entered the Ecumenical Temple
   216 | Temple   | Upgraded the game from 0.26-a0-665-gefeb406119 to
                  | 0.26-a0-670-g578ab304f5
   216 | Temple   | Quit the game

Illustrated notes

Levels and vault maps discovered:
D:5:      layout_basic, grunt_temple_overflow_open, temple_statues
D:6:      layout_basic, nicolae_overflow_crystal_walls, serial_shops, shop,
          kennysheep_small_square, uniq_grinder
Temple:   oiseaux_autumnal_temple

Skill      XL: |  1 |
---------------+----+-----
Axes           | 3 |  3.7
Fighting       | |  2.6
Dodging        | |  2.1
Stealth        | |  6.0

Action                   || total
-------------------------++-------
Melee: Hand axe          ||    20
 Abil: Heal Wounds       ||     1
Armor: Leather armour    ||     4
Dodge: Dodged            ||    11

Table legend: (Time is in decaauts)
 A = Elapsed time spent in this place.
 B = Non-inter-level travel time spent in this place.
 C = Inter-level travel time spent in this place.
 D = Time resting spent in this place.
 E = Time spent auto-exploring this place.
 F = Levels seen in this place.
 G = Mean time per level.
                   A        B        C        D        E       F      G
               +--------+--------+--------+--------+--------+-----+--------+
         Total |    218 |    145 |     73 |      0 |      0 |   3 |   72.7 |
       Dungeon |     63 |     63 |      0 |      0 |      0 |   2 |   31.5 |
        Temple |    154 |     81 |     73 |      0 |      0 |   1 |  154.0 |
               +--------+--------+--------+--------+--------+-----+--------+

Top non-repeatable levels by time:
  Temple: 154 daAuts
     D:5: 62 daAuts
     D:6: 1 daAuts
